 Dungeon Crawl Stone Soup version 0.17-a0-1748-g222fba8 (webtiles) character file.

53 KambridgeKobold the Ducker (level 3, 0/18 HPs)
             Began as a Spriggan Warper on Sept 1, 2015.
             Slain by a hobgoblin (3 damage)
             ... on level 2 of the Dungeon.
             The game lasted 00:05:16 (1779 turns).

KambridgeKobold the Ducker (Spriggan Warper)        Turns: 1779, Time: 00:05:16

Health: 0/18       AC:  2    Str:  8    XL:     3   Next: 62%
Magic:  7/8        EV: 20    Int: 14    God:
Gold:   34         SH:  0    Dex: 15    Spells: 3 memorised, 2 levels left

rFire  . . .     SeeInvis +     a - +0 short sword
rCold  . . .     Clarity  .     b - +0 robe
rNeg   . . .     SustAt   .     (shield restricted)
rPois  .         Gourm    .     (helmet restricted)
rElec  .         Spirit   .     (no cloak)
rCorr  .         Warding  .     (gloves unavailable)
rMut   .         Stasis   .     (boots unavailable)
MR     .....                    (no amulet)
Stlth  ++........               (no ring)
                                (no ring)

@: shrouded (expiring), very quick, not resistant to hostile enchantments,
unstealthy
A: unfitting armour, see invisible, herbivore 3, speed 3, slow metabolism 2
a: no special abilities


You were on level 2 of the Dungeon.
You were not hungry.

You visited 1 branch of the dungeon, and saw 2 of its levels.

You collected 34 gold pieces.

Inventory:

Hand weapons
 a - a +0 short sword (weapon)
Missiles
 e - 5 tomahawks of dispersal (quivered)
 i - 30 stones
Armour
 b - a +0 robe (worn)
Magical devices
 l - a wand of confusion (23)
Scrolls
 d - 2 scrolls of blinking
 j - a scroll of magic mapping {unknown}
 k - a scroll of recharging {unknown}
Potions
 g - a potion of magic {unknown}
 h - a potion of ambrosia {unknown}
Books
 c - a book of Spatial Translocations

   Spells                             Type                      Level
   a - Apportation                    Translocation                1
   b - Blink                          Translocation                2
   c - Shroud of Golubria             Charms/Translocation         2
   d - Portal Projectile              Translocation                3
   e - Teleport Other                 Translocation                3
   f - Passage of Golubria            Translocation                4
Comestibles
 f - a bread ration


   Skills:
 - Level 2.0 Fighting
 + Level 2.8 Short Blades
 - Level 1.1 Throwing
 + Level 4.9 Dodging
 + Level 1.6 Stealth
 - Level 2.6 Spellcasting
 - Level 4.4 Translocations


You had 2 spell levels left.
You knew the following spells:

 Your Spells              Type           Power        Failure   Level  Hunger
a - Apportation           Tloc           ##........   3%          1    #......
b - Blink                 Tloc           N/A          6%          2    ###....
c - Shroud of Golubria    Chrm/Tloc      #.........   17%         2    ###....


Dungeon Overview and Level Annotations

Branches:
Dungeon (2/15)

Altars:


Innate Abilities, Weirdness & Mutations

You are tiny and cannot use many weapons and most armour.
You have supernaturally acute eyesight.
You are a herbivore.
You cover ground extremely quickly.
You need consume almost no food.


Message History

Space distorts slightly along a thin shroud covering your body.
The giant newt completely misses you.
Casting: Shroud of Golubria
Confirm with . or Enter, or press ? or * to list all spells.
You don't know that spell.
A hobgoblin comes into view.
Your shroud begins to fray at the edges.
You hit the hobgoblin.
The hobgoblin is lightly wounded.
Your shroud bends the hobgoblin's attack away.
You hit the hobgoblin.
The hobgoblin is severely wounded.
The hobgoblin closely misses you.
You hit the hobgoblin but do no damage.
The hobgoblin is severely wounded.
The hobgoblin completely misses you.
You closely miss the hobgoblin.
The hobgoblin is severely wounded.
The hobgoblin hits you.
You die...

#....# #....#
#....# #....#
#..l.# #....#
#....#########
#............#
###...@g.....#
#..........#
#..........#
#..........#
############


You could see a hobgoblin and a giant newt.

Vanquished Creatures
  Natasha (D:2)
  An ooze (D:1)
  A worm (D:1)
  2 hobgoblins (D:1)
  2 bats (D:1)
  2 giant newts (D:1)
  4 goblins (D:1)
  8 kobolds
  4 rats (D:1)
25 creatures vanquished.

Notes
Turn   | Place    | Note
--------------------------------------------------------------
     0 | D:1      | KambridgeKobold the Spriggan Warper began the quest for the Orb.
     0 | D:1      | Reached XP level 1. HP: 10/10 MP: 5/5
   553 | D:1      | Reached XP level 2. HP: 15/15 MP: 6/6
   585 | D:1      | Learned a level 2 spell: Blink
   588 | D:1      | Learned a level 2 spell: Shroud of Golubria
  1400 | D:2      | Noticed Natasha
  1401 | D:2      | Reached XP level 3. HP: 18/18 MP: 8/8
  1430 | D:2      | Killed Natasha
  1430 | D:2      | Reached skill level 1 in Stealth
  1779 | D:2      | Slain by a hobgoblin

Vault maps used:
D:1:      dpeg_arrival_erosion, serial_co_window_serial, co_window_corner_a,
          co_window_corner_a, co_window_of_opportunity_a,
          co_window_of_opportunity_a, co_window_corner_a, co_window_corner_b,
          co_window_of_opportunity_b, co_window_corner_b, co_window_corner_cb,
          co_window_corner_ca, co_window_2corner, glass_columns_a,
          glass_columns_a, glass_columns_c
D:2:      lemuel_crystal_altar, uniq_natasha

Action                   || total
-------------------------++-------
Melee: Short sword       ||   112
 Cast: Shroud of Golubri ||     4
       Blink             ||     2
 Stab: Sleeping          ||     2
